 Dungeon Crawl Stone Soup version 0.18-a0-1229-ge9a1a01 (webtiles) character file.

103 ololoev the Magician (level 4, -13/24 HPs)
             Began as a Deep Elf Fire Elementalist on Feb 4, 2016.
             Engulfed by a cloud of flame (15 damage)
             ... on level 3 of the Dungeon.
             The game lasted 00:04:09 (518 turns).

ololoev the Magician (Deep Elf Fire Elementalist)    Turns: 518, Time: 00:04:09

Health: -13/24     AC:  2    Str:  5    XL:     4   Next: 51%
Magic:  2/11       EV: 13    Int: 21    God:
Gold:   11         SH:  0    Dex: 15    Spells: 4 memorised, 0 levels left

rFire  . . .     SeeInvis .     d - +0 whip (curse)
rCold  . . .     Gourm    .     a - +0 robe
rNeg   . . .     Faith    .     (no shield)
rPois  .         Spirit   .     (no helmet)
rElec  .         Dismiss  .     (no cloak)
rCorr  .         Reflect  .     (no gloves)
SustAt .         Harm     .     (no boots)
MR     .....                    (no amulet)
Stlth  ++........               (no ring)
                                (no ring)

@: very slightly contaminated, hasted, very quick, not resistant to hostile
enchantments, unstealthy
A: hooves 1, low mp 1, mutation resistance 1
a: no special abilities


Innate Abilities, Weirdness & Mutations

You have large cloven feet.
Your magical capacity is low (-10% MP).
You are somewhat resistant to further mutation.

Inventory:

Hand Weapons
 d - a cursed +0 whip (weapon)
Armour
 a - a +0 robe (worn)
Wands
 h - a wand of confusion (21/48)
Scrolls
 g - a scroll of recharging {unknown}
 k - a scroll of random uselessness {unknown}
Books
 b - a book of Flames

   Spells                             Type                      Level
   a - Flame Tongue                   Conjuration/Fire             1
   b - Throw Flame                    Conjuration/Fire             2
   c - Conjure Flame                  Conjuration/Fire             3
   d - Inner Flame                    Hexes/Fire                   3
   e - Sticky Flame                   Conjuration/Fire             4
   f - Fireball                       Conjuration/Fire             5
Comestibles
 c - a bread ration
 f - 7 chunks of flesh


   Skills:
 - Level 2.4 Dodging
 - Level 2.4 Stealth
 + Level 4.4 Spellcasting
 * Level 3.2 Conjurations
 + Level 4.0 Fire Magic


You couldn't memorise any spells.
You knew the following spells:

 Your Spells              Type           Power        Failure   Level  Hunger
a - Flame Tongue          Conj/Fire      ###..        2%          1    None
b - Conjure Flame         Conj/Fire      ###.....     10%         3    ##.....
c - Sticky Flame          Conj/Fire      ###.....     28%         4    ####...
e - Inner Flame           Hex/Fire       ##......     17%         3    ##.....


You were on level 3 of the Dungeon.
You were not hungry.

You visited 1 branch of the dungeon, and saw 3 of its levels.

You collected 11 gold pieces.

#.(........##....#
#........##....$#
#''####......#
#............#
.##........o...#
.........o......#
[............o#§##
......##......#§#
...... #......#@#
...... #......###
###### #......#
######.#
##############.#
...............#
################
......# #####.#

Notes
Turn   | Place    | Note
--------------------------------------------------------------
     0 | D:1      | ololoev the Deep Elf Fire Elementalist began the quest for the Orb.
     0 | D:1      | Reached XP level 1. HP: 10/10 MP: 6/6
    80 | D:2      | Reached XP level 2. HP: 15/15 MP: 1/8
   196 | D:2      | Found a stormy altar of Qazlal.
   203 | D:2      | Reached XP level 3. HP: 19/19 MP: 2/10
   212 | D:2      | Learned a level 3 spell: Conjure Flame
   216 | D:2      | Learned a level 3 spell: Inner Flame
   239 | D:2      | Noticed Ijyb
   260 | D:2      | Killed Ijyb
   303 | D:2      | Reached skill level 4 in Spellcasting
   320 | D:2      | Found an opulent altar of Gozag.
   371 | D:3      | Reached XP level 4. HP: 24/24 MP: 9/12
   380 | D:3      | Learned a level 4 spell: Sticky Flame
   514 | D:3      | Gained mutation: Your magical capacity is low (-10% MP). [potion of mutation]
   514 | D:3      | Gained mutation: You have large cloven feet. [potion of mutation]
   514 | D:3      | Gained mutation: You are somewhat resistant to further mutation. [potion of mutation]
   518 | D:3      | Engulfed by a cloud of flame

Dungeon Overview and Level Annotations

Branches:
Dungeon (3/15)

Altars:
Gozag
Qazlal


Message History

Aim: an orc, wielding a short sword and wearing a leather armour (chance to defeat MR: 89%)
The orc is filled with an inner flame.
Casting: Inner Flame
Confirm with . or Enter, or press ? or * to list all spells.
Aiming: Flame Tongue
Press: ? - help, Shift-Dir - straight line, f/p - orc
Aim: an orc, wielding a short sword and wearing a leather armour (inner flame)
The flame tongue hits the orc.
The orc is lightly wounded.
Drink which item? (? for menu, Esc to quit)
It was a potion of mutation.
You feel extremely strange.
You feel less energetic.
Your feet thicken and deform.
You feel genetically stable. The orc hits you but does no damage.
Drink which item? (? for menu, Esc to quit)
It was a potion of haste.
You feel yourself speed up. The orc misses you.
You are very lightly contaminated with residual magic.
Drink which item? (? for menu, Esc to quit)
It was a potion of poison.
That liquid tasted very nasty...
You are lethally poisoned!
You feel sick. The orc closely misses you.
Drink which item? (? for menu, Esc to quit)
You feel better. The orc barely misses you.
Casting: Flame Tongue
Confirm with . or Enter, or press ? or * to list all spells.
Aiming: Flame Tongue
Press: ? - help, Shift-Dir - straight line, f/p - orc
Aim: an orc, wielding a short sword and wearing a leather armour (lightly wounded, inner flame)
The flame tongue hits the orc.
The orc explodes!
The fiery explosion engulfs something.
Reactivating autopickup.
Your Conjurations skill increases to level 3!
Your Fire Magic skill increases to level 4!
You feel a bit more experienced. The fiery explosion engulfs you!
Ouch! That really hurt!
You are engulfed in roaring flames.
Ouch! That really hurt!
You die...

There were no monsters in sight!

Vanquished Creatures
  Ijyb (D:2)
  An orc wizard (D:3)
  2 adders (D:2)
  A worm (D:2)
  2 giant geckos
  3 orcs (D:3)
  2 giant cockroaches (D:2)
  6 hobgoblins
  2 jackals (D:3)
  5 bats
  4 rats
29 creatures vanquished.

Action                   |  1- 3 |  4- 6 || total
-------------------------+-------+-------++-------
Melee: Whip              |    17 |     7 ||    24
 Cast: Flame Tongue      |    35 |    18 ||    53
       Conjure Flame     |       |     1 ||     1
       Inner Flame       |       |     1 ||     1
Evoke: Wand              |     4 |       ||     4
  Use: Potion            |     1 |     4 ||     5
 Stab: Sleeping          |     1 |       ||     1
       Confused          |     1 |       ||     1

Vault maps used:
D:1:      ncdulo_smallfort, serial_forest, infiniplex_forest_lined_2,
          infiniplex_forest_clump_medium, infiniplex_forest_clump_long,
          infiniplex_forest_clump_small, infiniplex_forest_straight_1,
          infiniplex_forest_clump_curved, infiniplex_forest_zigzag_1
D:2:      lemuel_round_altar, nicolae_overflow_hidden_temple,
          kennysheep_generic_room_13, uniq_iyjb
D:3:      serial_bayou_pond_d, kennysheep_cross_room
